 Dungeon Crawl Stone Soup version 0.18-a0-1799-g6250cb2 (webtiles) character file.

6470 manon the Cleaver (level 11, -3/92 HPs)
             Began as a Hill Orc Fighter on Apr 22, 2016.
             Was a Priest of Ashenzari.
             Killed from afar by skk's ghost (23 damage)
             ... with a spray of energy
             ... on level 10 of the Dungeon on Apr 23, 2016.
             The game lasted 01:28:25 (10304 turns).

manon the Cleaver (Hill Orc Fighter)               Turns: 10304, Time: 01:28:26

Health: -3/92      AC: 17    Str: 23    XL:     11   Next: 0%
Magic:  14/14      EV:  7    Int:  8    God:    Ashenzari [***...]
Gold:   501        SH:  0    Dex: 10    Spells: 2 memorised, 7 levels left

rFire  . . .     SeeInvis +     a - +0 war axe (flame) (curse)
rCold  . . .     Gourm    .     N - +0 chain mail
rNeg   . . .     Faith    .     c - +0 shield (curse)
rPois  +         Spirit   .     b - +0 helmet (curse)
rElec  .         Dismiss  .     d - +0 cloak
rCorr  .         Reflect  .     n - +2 pair of gloves
SustAt .         Harm     .     (no boots)
MR     .....                    (no amulet)
Stlth  ..........               (no ring)
                                r - ring of poison resistance

@: confused, lethally poisoned (-3 -> -13), glowing, not resistant to hostile
enchantments, extremely unstealthy
A: no striking features
a: Curse Item, Scrying, Renounce Religion


You were on level 10 of the Dungeon.
You worshipped Ashenzari.
Ashenzari was most pleased with you.
You were not hungry.

You visited 1 branch of the dungeon, and saw 10 of its levels.

You collected 501 gold pieces.

Inventory:

Hand Weapons
 a - a cursed +0 war axe of flaming (weapon)
 t - a +4 quarterstaff of chaos
Armour
 b - a cursed +0 helmet (worn)
 c - a cursed +0 shield (worn)
 d - a +0 cloak (worn)
 i - a +1 helmet
 n - a +2 pair of gloves (worn)
 x - a +0 plate armour
 N - a +0 chain mail (worn)
Jewellery
 r - a ring of poison resistance (left hand)
 u - an uncursed ring of wizardry
 w - an uncursed ring of sustain attributes
Wands
 q - a wand of slowing (26/48)
 I - a wand of flame (30/48)
 L - a wand of teleportation (9/9)
 M - a wand of iceblast (2/15)
Scrolls
 e - 5 scrolls of teleportation
 g - a scroll of remove curse
 k - a scroll of fear {unknown}
 p - 8 scrolls of identify
 v - 3 scrolls of amnesia
 y - 3 scrolls of magic mapping
 A - a scroll of recharging
 C - a scroll of blinking {unknown}
 D - a scroll of immolation {unknown}
 G - a scroll of brand weapon
 H - 2 scrolls of enchant weapon {unknown}
 K - a scroll of silence {unknown}
Potions
 l - a potion of lignification
 m - 2 potions of resistance {unknown}
 F - a potion of berserk rage {unknown}
 J - a potion of heal wounds {unknown}
Books
 h - a book of Unlife

   Spells                             Type                      Level
   a - Recall                         Summoning/Translocation      3
   b - Animate Dead                   Necromancy                   4
   c - Control Undead                 Necromancy                   4
   d - Cigotuvi's Embrace             Necromancy                   5
   e - Death Channel                  Necromancy                   6
   f - Simulacrum                     Ice/Necromancy               6
 o - a book of Spatial Translocations

   Spells                             Type                      Level
   a - Apportation                    Translocation                1
   b - Blink                          Translocation                2
   c - Shroud of Golubria             Charms/Translocation         2
   d - Portal Projectile              Translocation                3
   e - Teleport Other                 Translocation                3
   f - Passage of Golubria            Translocation                4
Comestibles
 f - 7 bread rations
 j - 6 meat rations


   Skills:
 + Level 7.3 Fighting
 * Level 12.1(14.7) Axes
 + Level 8.2 Armour
 * Level 10.7(12.4) Shields
 - Level 4.0 Evocations


You had 7 spell levels left.
You knew the following spells:

 Your Spells              Type           Power        Failure   Level  Hunger
a - Blink                 Tloc           N/A          100%        2    ###....
b - Apportation           Tloc           #.........   100%        1    ##.....


Dungeon Overview and Level Annotations

Branches:
Dungeon (10/15)            Temple (0/1) D:5
   Lair: D:8-11         Orc: D:9-12

Altars:
Ashenzari
Cheibriados
Dithmenos
Gozag
Makhleb
Okawaru
Qazlal
Ru
Sif Muna
Trog
Vehumet
Xom
Yredelemnul
Zin
The Shining One

Shops:
D:9 ?

Annotations:
D:10 skk's ghost, journeyman NaEn


Message History

Skk's ghost is almost destroyed.
You feel sick.
Skk's ghost hits you but does no damage.
You closely miss skk's ghost.
Skk's ghost is almost destroyed.
Skk's ghost hits you.
You are more poisoned.
You feel sick.
Skk's ghost points at you and mumbles some strange words.
The spray of energy hits you!
* * * LOW HITPOINT WARNING * * *
You're too confused!
You feel less confused.
You feel sick. Skk's ghost casts a spell at you.
You are confused.
You feel sick.
Skk's ghost points at you and mumbles some strange words.
The spray of energy hits you!
You die...

......*............., *
......###............. ,
#......#.....:...... .. * ,
#......#........ ... . *
#......#.......# .. .# . ,
#......#....)))#*.#..#.#
.##...........)..##.#.....
..?....#......)........# *
.......#....#..W@......#.#
.......#....#.............,
..####.<.................
..........................
*
...###....................
* , #.............###.#..
,#..............# *.#,. , *
* #..............###.# * ##
#..................### *


You could see skk's ghost.

Vanquished Creatures
  Maurice (D:8)
  Joseph (D:9)
  Prince Ribbit (D:7)
  3 yaks (D:9)
  A spriggan (D:7)
  A steam dragon (D:10)
  Menkaure (D:7)
  6 swamp worms (D:8)
  4 ice beasts
  2 orc warriors
  3 phantoms
  A sky beast (D:10)
  A black bear (D:10)
  3 ogres
  A centaur (D:8)
  A big kobold (D:7)
  Blork the orc (D:6)
  4 giant frogs
  A gnoll sergeant (D:5)
  2 scorpions
  A water moccasin skeleton (D:9)
  3 killer bees (D:8)
  2 electric eels (D:9)
  2 howler monkeys
  3 crimson imps
  2 giant frog zombies (D:6)
  4 centaur skeletons
  3 hounds
  7 orc priests
  A gnoll shaman (D:5)
  A jelly (D:6)
  3 giant frog skeletons
  Crazy Yiuf (D:3)
  7 orc wizards
  Natasha (thrice) (D:4)
  9 worker ants
  A hound skeleton (D:4)
  38 gnolls
  14 adders
  2 shadow imps (D:7)
  4 oozes
  An adder zombie (D:9)
  An adder skeleton (D:8)
  13 worms
  4 dart slugs
  3 giant geckos
  18 orcs
  5 giant cockroaches
  12 goblins
  9 hobgoblins
  29 jackals
  4 quokkas
  3 bats
  A giant gecko zombie (D:7)
  4 giant newts
  8 kobolds
  5 rats
  2 plants (D:9)
272 creatures vanquished.

Vanquished Creatures (others)
  5 plants
5 creatures vanquished.

Grand Total: 277 creatures vanquished

Notes
Turn   | Place    | Note
--------------------------------------------------------------
     0 | D:1      | manon the Hill Orc Fighter began the quest for the Orb.
     0 | D:1      | Reached XP level 1. HP: 19/19 MP: 1/1
   143 | D:1      | Reached skill level 3 in Axes
   143 | D:1      | Reached XP level 2. HP: 26/26 MP: 2/2
   206 | D:1      | Found a shattered altar of Ashenzari.
   384 | D:1      | Reached XP level 3. HP: 31/31 MP: 3/3
   442 | D:1      | Became a worshipper of Ashenzari the Shackled
   906 | D:2      | Found an opulent altar of Gozag.
   980 | D:2      | Reached skill level 4 in Axes
  1048 | D:2      | Found a faded altar to an unknown god.
  1065 | D:2      | Reached XP level 4. HP: 39/39 MP: 4/4
  1242 | D:2      | Found a glowing silver altar of Zin.
  1242 | D:2      | Found a burning altar of Makhleb.
  1243 | D:2      | Noticed a cacodemon
  1243 | D:2      | Noticed an angel
  1541 | D:3      | Reached * piety under Ashenzari
  1648 | D:3      | Found a sacrificial altar of Ru.
  1883 | D:3      | Reached XP level 5. HP: 45/45 MP: 5/5
  1954 | D:3      | Reached skill level 5 in Axes
  2323 | D:3      | Noticed Crazy Yiuf
  2327 | D:3      | Killed Crazy Yiuf
  2327 | D:3      | Reached skill level 5 in Shields
  2398 | D:4      | Noticed Natasha
  2412 | D:4      | Killed Natasha
  2506 | D:4      | Reached XP level 6. HP: 51/51 MP: 6/6
  2585 | D:4      | Found an iron altar of Okawaru.
  2586 | D:4      | Noticed Natasha
  2616 | D:4      | Killed Natasha
  2694 | D:4      | Reached skill level 6 in Axes
  2885 | D:4      | Noticed Natasha
  2890 | D:4      | Killed Natasha
  2890 | D:4      | Reached XP level 7. HP: 57/57 MP: 7/7
  3271 | D:5      | Entered Level 5 of the Dungeon
  3293 | D:5      | Reached skill level 7 in Axes
  3395 | D:5      | Found a staircase to the Ecumenical Temple.
  3551 | D:5      | Reached skill level 5 in Armour
  3703 | D:5      | Reached ** piety under Ashenzari
  3743 | D:5      | Reached skill level 1 in Evocations
  3941 | D:5      | Reached XP level 8. HP: 66/66 MP: 8/8
  4214 | D:5      | Reached skill level 8 in Axes
  4765 | D:5      | Upgraded the game from 0.18-a0-1797-gc18daef to 0.18-a0-1799-g6250cb2
  5311 | D:6      | Reached skill level 9 in Axes
  5311 | D:6      | Reached XP level 9. HP: 73/73 MP: 10/10
  5316 | D:6      | Reached skill level 5 in Fighting
  5357 | D:6      | Found a radiant altar of Vehumet.
  5701 | D:6      | Noticed Blork the orc
  5718 | D:6      | Killed Blork the orc
  6148 | D:7      | Noticed Menkaure
  6149 | D:7      | Found a shadowy altar of Dithmenos.
  6157 | D:7      | Killed Menkaure
  6477 | D:7      | Reached *** piety under Ashenzari
  6565 | D:7      | Reached skill level 10 in Axes
  6597 | D:7      | Noticed Prince Ribbit
  6607 | D:7      | Killed Prince Ribbit
  7061 | D:8      | Noticed Maurice
  7145 | D:8      | Reached XP level 10. HP: 82/83 MP: 12/12
  7346 | D:8      | Killed Maurice
  7709 | D:8      | Reached skill level 11 in Axes
  8110 | D:8      | Reached skill level 10 in Shields
  8725 | D:9      | Found Cuilithest's Magic Scroll Shop.
  8728 | D:9      | Found a shimmering altar of Xom.
  8728 | D:9      | Found a shimmering altar of Xom.
  8728 | D:9      | Noticed Joseph
  8729 | D:9      | Found a shimmering altar of Xom.
  8729 | D:9      | Found a shimmering altar of Xom.
  8762 | D:9      | Killed Joseph
  8970 | D:9      | Found a shimmering altar of Xom.
  8971 | D:9      | Found a shimmering altar of Xom.
  8971 | D:9      | Found a shimmering altar of Xom.
  8973 | D:9      | Found a shimmering altar of Xom.
  9069 | D:9      | Found a stormy altar of Qazlal.
  9073 | D:9      | Found a deep blue altar of Sif Muna.
  9078 | D:9      | Found a snail-covered altar of Cheibriados.
  9153 | D:9      | Found a basalt altar of Yredelemnul.
  9155 | D:9      | Noticed a profane servitor
  9160 | D:9      | Found a glowing golden altar of the Shining One.
  9162 | D:9      | Noticed an angel
  9650 | D:9      | Found a bloodstained altar of Trog.
  9784 | D:10     | Entered Level 10 of the Dungeon
  9784 | D:10     | Noticed skk's ghost (journeyman NaEn)
 10183 | D:10     | Reached skill level 12 in Axes
 10197 | D:10     | Learned a level 2 spell: Blink
 10199 | D:10     | Learned a level 1 spell: Apportation
 10239 | D:10     | Reached XP level 11. HP: 78/92 MP: 14/14
 10304 | D:10     | Killed from afar by skk's ghost

Vault maps used:
D:1:      scummos_arrival_star, minmay_misc_feat_alley, st_stairs_10,
          nicolae_ashenzari_panopticon
D:2:      grunt_temple_overflow_order_and_chaos_2, grunt_gozag_breadcrumbs,
          first_bread, ecumenical_altar_1
D:3:      nicolae_ru_awakened_eye, uniq_crazy_yiuf_cottage
D:4:      nicolae_overflow_crystal_walls, uniq_natasha
D:5:      lemuel_castle_with_subvaults, minmay_temple_entry_mist
D:6:      kennysheep_mini_moat, serial_curves, eino_curves_04, eino_curves_01,
          uniq_blork_the_orc
D:7:      nicolae_dithmenos_through_a_glass_darkly, the_bakery, uniq_menkaure,
          uniq_prince_ribbit1
D:8:      worms_lemuel, uniq_maurice
D:9:      grunt_temple_overflow_holy_war, xom_shifter_show,
          grunt_temple_overflow_open, lemuel_coloured_pillars_altar,
          serial_bayou, serial_bayou_pond_c, serial_bayou_pond_c,
          serial_bayou_crossing, serial_bayou_ford_a, serial_shops,
          nicolae_shop_behind_doors, uniq_joseph

Skill      XL: |  1  2  3  4  5  6  7  8  9 10 |
---------------+-------------------------------+-----
Axes           | 3 4 5 6 7 9 10 12 | 12.1
Shields        | 4 5 6 8 9 10 | 10.7
Armour         | 4 5 6 7 8 |  8.2
Evocations     | 1 2 3 4 |  4.0
Fighting       | 4 6 7 |  7.3

Action                   |  1- 3 |  4- 6 |  7- 9 | 10-12 || total
-------------------------+-------+-------+-------+-------++-------
Melee: War axe           |   114 |   205 |   556 |   402 ||  1277
Invok: Curse Item        |       |     2 |       |       ||     2
Evoke: Wand              |       |       |       |     6 ||     6
  Use: Potion            |       |     1 |     4 |     6 ||    11
       Scroll            |       |       |     2 |     6 ||     8
  Eat: Chunk             |     1 |     6 |    13 |     5 ||    25
       Pizza             |       |       |     1 |     1 ||     2
       Bread ration      |       |       |       |     1 ||     1
       Beef jerky        |       |       |       |     1 ||     1
Armor: Scale mail        |    69 |   114 |   163 |       ||   346
       Chain mail        |       |       |    11 |   102 ||   113
Dodge: Dodged            |    51 |    55 |   123 |    47 ||   276
Block: Shield            |    60 |   110 |   286 |   127 ||   583
